 Dungeon Crawl Stone Soup version 0.27.0-66-gdc8fb28755 (webtiles) character file.

Game seed: 2614002479724775557

1539 a11behringer the Grappler (level 8, 0/78 HPs)
             Began as a Troll Berserker on Aug 20, 2021.
             Was a Priest of Trog.
             Slain by a gnoll (10 damage)
             ... on level 7 of the Dungeon.
             The game lasted 00:32:42 (4949 turns).

a11behringer the Grappler (Troll Berserker)         Turns: 4949, Time: 00:32:43

Health: 0/78       AC:  5    Str: 28    XL:     8   Next: 56%
Magic:  7/7        EV: 10    Int:  3    God:    Trog [***...]
Gold:   37         SH:  0    Dex:  9    Spells: 7/7 levels left

rFire    . . .     SeeInvis .     - Unarmed
rCold    . . .     Faith    .   (no shield)
rNeg     . . .     Spirit   .   a - +0 animal skin
rPois    .         Reflect  .   (helmet restricted)
rElec    .         Harm     .   z - +0 cloak
rCorr    .         Rampage  .   (gloves unavailable)
Will     .....                  (boots unavailable)
Stlth    +.........             r - amulet of regeneration
HPRegen  2.23/turn              B - ring of flight
MPRegen  0.10/turn              (no ring)

@: flying, hasted, very quick
A: large, unfitting armour, claws 3, regeneration 1, shaggy fur 1, tough skin 1
a: Renounce Religion, Berserk, Trog's Hand


You were on level 7 of the Dungeon.
You worshipped Trog.
Trog was most pleased with you.
You visited 2 branches of the dungeon, and saw 8 of its levels.

You collected 299 gold pieces.
You spent 262 gold pieces at shops.

Inventory:

Hand Weapons
 y - the +6 mace "Murmur" {vorpal, rF+}
   (You found it on level 5 of the Dungeon)

   It inflicts extra damage upon your enemies.
   rF:        It protects you from fire.
Missiles
 b - 159 stones (quivered)
 g - 4 atropa-tipped darts
 v - 3 throwing nets
Armour
 a - a +0 animal skin (worn)
 z - a +0 cloak (worn)
Jewellery
 r - an amulet of regeneration (around neck)
 u - an amulet of faith
 B - a ring of flight (left claw)
Wands
 e - a wand of charming (8)
 m - a wand of mindburst (15)
Scrolls
 c - 4 scrolls of enchant weapon
 k - 2 scrolls of holy word {unknown}
 l - a scroll of summoning {unknown}
 o - a scroll of amnesia {unknown}
 p - 3 scrolls of teleportation
 C - a scroll of vulnerability {unknown}
Potions
 d - 7 potions of curing
 f - 3 potions of mutation
 h - 4 potions of brilliance
 i - a potion of lignification {unknown}
 j - 2 potions of degeneration {unknown}
 n - a potion of invisibility {unknown}
 q - a potion of berserk rage {unknown}
 s - 2 potions of flight
 t - a potion of attraction
 w - a potion of heal wounds {unknown}
 x - a potion of magic {unknown}
 A - 2 potions of haste


   Skills:
 + Level 3.8 Fighting
 * Level 2.8 Maces & Flails
 + Level 5.0 Dodging
 - Level 0.2 Stealth
 - Level 8.5 Unarmed Combat


You had 7 spell levels left.
You didn't know any spells.
Your spell library was empty.

Dungeon Overview and Level Annotations

Branches:
Dungeon (7/15)             Temple (1/1) D:4

Altars:
Ashenzari
Cheibriados
Dithmenos
Elyvilon
Fedhas
Hepliaklqana
Kikubaaqudgha
Makhleb
Nemelex Xobeh
Okawaru
Qazlal
Sif Muna
Trog
Uskayaw
Vehumet
Wu Jian
Yredelemnul
Zin

Shops:
D:6 =


Innate Abilities, Weirdness & Mutations

You are too large for most types of armour.
You have claws for hands.
Your natural rate of healing is unusually fast.
You are covered in fur. (AC +1)
You have tough skin. (AC +1)


Message History

The gnoll shaman is heavily wounded.
The gnoll shaman closely misses you. The gnoll hits you but does no damage.
The gnoll hits you with a +0 halberd.
The gnoll hits you from afar with a +0 halberd.
You barely miss the gnoll shaman.
The gnoll shaman is heavily wounded.
The gnoll hits you but does no damage. The gnoll closely misses you.
You scratch the gnoll.
The gnoll is moderately wounded.
The gnoll hits you with a +0 club. The gnoll hits you with a +0 halberd!
The gnoll completely misses you.
You closely miss the gnoll.
The gnoll is moderately wounded.
The gnoll hits you with a +0 club!
The gnoll shaman mumbles some strange prayers to its god against you.
You resist with some effort. The gnoll hits you with a +0 halberd!
You claw the gnoll!
You kill the gnoll!
Trog accepts your kill.
The gnoll hits you from afar with a +0 halberd!
The gnoll shaman hits you but does no damage.
The gnoll barely misses you. The gnoll hits you with a +0 halberd!
* * * LOW HITPOINT WARNING * * *
The gnoll closely misses you.
Things that are here:
a +0 club; a gnoll corpse The gnoll hits you with a +0 halberd!
* * * LOW HITPOINT WARNING * * *
The gnoll hits you from afar with a +0 halberd.
* * * LOW HITPOINT WARNING * * *
You feel better. The gnoll barely misses you.
The gnoll shaman closely misses you. The gnoll barely misses you.
You feel yourself speed up. The gnoll hits you with a +0 halberd.
* * * LOW HITPOINT WARNING * * *
The gnoll hits you with a +0 flail!
* * * LOW HITPOINT WARNING * * *
The gnoll shaman closely misses you. The gnoll barely misses you.
The gnoll hits you from afar with a +0 halberd!
You die...

#.#....#..# ###.#....#..# #
###............ .. #......
..... .#. #...... .... ..
....... #.#.#.# ..# #.###
..#.#.
#....g##..###.#.###.....
#.#.#g.@......... ......
#....g##..#.#.#.# #.....
#)##g.##..#.#.#.###....#
#.##.>##..#..........#.#
#..#$........#..........#.#
.............#.#.#.####.#.#
##.####.###................
........................#.#
##.............#..........#


You could see a gnoll shaman and 3 gnolls.

Vanquished Creatures
  A water moccasin (D:6)
  An acid dragon (D:6)
  An orc warrior (D:6)
  2 sky beasts
  An ice beast (D:6)
  2 ogres
  A phantom (D:4)
  A wyvern zombie (D:4)
  A scorpion (D:3)
  3 wights (D:6)
  2 hounds
  Crazy Yiuf (D:5)
  2 centaur skeletons (D:7)
  An iguana (D:4)
  2 orc wizards (D:6)
  A howler monkey skeleton (D:5)
  A gnoll (D:7)
  11 adders
  A shadow imp (D:7)
  A white imp (D:5)
  An adder skeleton (D:4)
  2 worms (D:2)
  3 dart slugs
  16 orcs
  5 endoplasms
  5 giant cockroaches
  6 goblins
  3 hobgoblins (D:1)
  12 jackals
  2 quokkas (D:2)
  4 ball pythons
  5 bats
  A frilled lizard (D:1)
  6 kobolds
  8 rats
116 creatures vanquished.

Vanquished Creatures (others)
  A phantom (D:6)
1 creature vanquished.

Grand Total: 117 creatures vanquished

Notes
Turn   | Place    | Note
-------+----------+-------------------------------------------
     0 | D:1      | a11behringer the Troll Berserker began the quest for the
                  | Orb.
     0 | D:1      | Reached XP level 1. HP: 22/22 MP: 0/0
   176 | D:1      | Reached XP level 2. HP: 29/29 MP: 1/1
   334 | D:1      | Found a faded altar of an unknown god.
   353 | D:1      | Reached ** piety under Trog
   494 | D:1      | Reached XP level 3. HP: 36/36 MP: 2/2
   929 | D:2      | Reached XP level 4. HP: 38/44 MP: 3/3
  1106 | D:2      | Reached skill level 4 in Unarmed Combat
  1443 | D:3      | Noticed a scorpion
  1451 | D:3      | Killed a scorpion
  1452 | D:3      | Reached XP level 5. HP: 38/53 MP: 4/4
  1780 | D:3      | Found a glowing silver altar of Zin.
  2240 | D:4      | Reached skill level 5 in Unarmed Combat
  2252 | D:4      | Noticed a phantom
  2259 | D:4      | Killed a phantom
  2260 | D:4      | Reached XP level 6. HP: 61/61 MP: 5/5
  2346 | D:4      | Found a staircase to the Ecumenical Temple.
  2356 | Temple   | Entered the Ecumenical Temple
  3078 | D:5      | Entered Level 5 of the Dungeon
  3078 | D:5      | Noticed a sky beast
  3084 | D:5      | Killed a sky beast
  3085 | D:5      | Reached skill level 6 in Unarmed Combat
  3110 | D:5      | Found a bloodstained altar of Trog.
  3147 | D:5      | Reached XP level 7. HP: 52/67 MP: 6/6
  3184 | D:5      | Reached *** piety under Trog
  3446 | D:5      | Found a runed translucent door.
  3447 | D:5      | Noticed Crazy Yiuf
  3452 | D:5      | Killed Crazy Yiuf
  3458 | D:5      | Identified the +6 mace "Murmur" {vorpal, rF+}
  3819 | D:6      | Reached skill level 7 in Unarmed Combat
  3879 | D:6      | Reached skill level 1 in Maces & Flails
  3917 | D:6      | Reached XP level 8. HP: 73/75 MP: 7/7
  4034 | D:6      | Reached skill level 8 in Unarmed Combat
  4668 | D:6      | Found Geozoc's Jewellery Shoppe.
  4688 | D:6      | Bought a ring of flight for 262 gold pieces
  4908 | D:7      | Found a broken altar of Ashenzari.
  4911 | D:7      | Reached skill level 5 in Dodging
  4949 | D:7      | Slain by a gnoll

Illustrated notes

Levels and vault maps discovered:
D:1:      dpeg_arrival_boxorama, layout_loops_ring,
          hellmonk_ecumenical_altar_leap_of_faith, minivault_11,
          minmay_distorted
D:2:      layout_rooms, mrwooster_statue_mirror
D:3:      layout_basic, nicolae_overflow_hidden_temple
D:4:      layout_gridville, temple_doors_e
D:5:      layout_loops_cross, overflow_temple_1_default,
          kennysheep_generic_room_13, uniq_crazy_yiuf_cottage
D:6:      layout_basic, serial_shops, nicolae_lakefront_shop,
          lemuel_another_geyser
D:7:      layout_basic, mainiacjoe_overflow_catwalk, ashenzari_altar_1,
          serial_glass, glass_columns_c, glass_columns_b, glass_columns_c,
          glass_columns_a, glass_columns_a, glass_columns_b
Temple:   nicolae_temple_no_exploring_needed

Skill      XL: |  1  2  3  4  5  6  7  8 |
---------------+-------------------------+-----
Dodging        | 3 4 5 |  5.0
Unarmed Combat | 4 5 6 7 8 |  8.5
Fighting       | 3 |  3.8
Maces & Flails | 1 2 |  2.8
Stealth        | |  0.2

Action                   |  1- 3 |  4- 6 |  7- 9 || total
-------------------------+-------+-------+-------++-------
Melee: Unarmed           |   118 |   121 |   113 ||   352
       Punch             |     1 |     3 |     3 ||     7
Invok: Berserk           |       |       |     5 ||     5
       Trog's Hand       |       |       |     1 ||     1
  Use: Scroll            |       |     2 |     6 ||     8
       Potion            |       |       |     2 ||     2
 Stab: Sleeping          |       |     2 |       ||     2
Armor: Animal skin       |    71 |    44 |    36 ||   151
Dodge: Dodged            |   101 |    72 |    59 ||   232
